 Dungeon Crawl Stone Soup version 0.31-a0-263-ge8cad7f256 (webtiles) character file.

Game seed: 17983845291880727644

55006 ragingrage the Brawler (level 13, 0/126 (140) HPs)
             Began as a Troll Shapeshifter on July 13, 2023.
             Was the Champion of Ru.
             Slain by Jorgrun
             ... wielding a staff of earth
              (11 damage)
             ... while petrified by Jorgrun
             ... on level 14 of the Dungeon.
             The game lasted 00:20:05 (17262 turns).

ragingrage the Brawler (Troll Shapeshifter)        Turns: 17262, Time: 00:20:06

HP:   0/126 (140)   AC:  6    Str: 39    XL:     13   Next: 36%
MP:   0/12          EV:  1    Int:  4    God:    Ru [******]
Gold: 632           SH:  0    Dex:  8    Spells: 12/12 levels left

rFire   . .          .
                       - Unarmed
rCold   . . .        D - orb {light}
rNeg    + + +        S - +0 troll leather armour
rPois   ∞            (helmet currently unavailable)
rElec   .            c - melded +1 cloak
rCorr   .            (gloves unavailable)
SInv    .            (boots unavailable)
Will    +....        Z - amulet of guardian spirit
Stlth   +            v - ring "Hoce" {Will+ Str+3}
HPRegen 2.01/turn    k - +6 ring of strength
MPRegen 0.13/turn

%: guardian spirit
@: beast-form, petrified, extremely horrified, glowing, heavily drained
A: beast (slay +6), large, unfitting armour, claws 3, clumsy 1, regeneration 1,
shaggy fur 1, tough skin 1, cowardly, inability to train dodging, inability to
train armour, inexperienced 1
a: Begin Untransformation, Renounce Religion, Draw Out Power, Power Leap,
Apocalypse


You were on level 14 of the Dungeon.
You worshipped Ru.
Ru was exalted by your worship.
You were a hulking beast.
You visited 3 branches of the dungeon, and saw 20 of its levels.
You also visited: Bailey.

You collected 1168 gold pieces.
You spent 536 gold pieces at shops.

Inventory:

Missiles
 s - 26 poisoned darts (quivered)
 L - 4 throwing nets
 U - 11 curare-tipped darts
 V - 6 javelins
Armour
 c - a +1 cloak (melded)
 D - an orb of light (worn)
 S - a +0 troll leather armour (worn)
 T - an orb of wrath
Jewellery
 k - a +6 ring of strength (right claw)
 m - a ring of flight
 u - a ring of resist corrosion
 v - the ring "Hoce" (left claw) {Will+ Str+3}
   (You found it on level 5 of the Dungeon)

   [ring of willpower]

   Str:       It affects your strength (+3).
   Will:      It increases your willpower.
 W - the ring of Xyefe {Ice rElec rN+}
   (You found it on level 4 of the Lair of Beasts)

   [ring of ice]

   It enhances your ice magic.
   rF:        It makes you vulnerable to fire.
   rC:        It protects you from cold.
   rElec:     It insulates you from electricity.
   rN:        It protects you from negative energy.
 Z - an amulet of guardian spirit (around neck)
Talismans
 J - a beast talisman
Wands
 i - a wand of iceblast (11)
 o - a wand of charming (31)
 x - a wand of flame (10)
 F - a wand of mindburst (8)
 G - a wand of quicksilver (10)
 I - a wand of digging (4)
 M - a wand of polymorph (10)
Scrolls
 a - 3 scrolls of fear
 f - 3 scrolls of fog
 g - 3 scrolls of vulnerability
 j - 4 scrolls of immolation
 l - 6 scrolls of teleportation
 p - 5 scrolls of enchant armour
 y - a scroll of summoning {unknown}
 A - 4 scrolls of revelation
 H - 2 scrolls of noise {unknown}
 K - 3 scrolls of blinking {unknown}
 N - 3 scrolls of silence {unknown}
 Q - 3 scrolls of poison {unknown}
 Y - 2 scrolls of amnesia {unknown}
Potions
 e - 4 potions of ambrosia
 h - a potion of lignification
 n - 7 potions of haste
 q - 5 potions of heal wounds {unknown}
 r - 5 potions of curing
 t - 2 potions of cancellation {unknown}
 w - 5 potions of attraction {unknown}
 z - 5 potions of brilliance {unknown}
 B - 2 potions of might {unknown}
 C - 4 potions of magic
 E - 4 potions of berserk rage
 O - 2 potions of mutation {unknown}
 P - 2 potions of enlightenment {unknown}
 X - a potion of resistance {unknown}
Miscellaneous
 b - a phantom mirror (inert)
 d - a box of beasts
 R - a phial of floods


   Skills:
 - Level 12.0 Fighting
 + Level 7.4 Throwing
 - Level 16.0 Unarmed Combat
 - Level 4.0 Evocations
 + Level 9.7 Shapeshifting


You had 12 spell levels left.
You didn't know any spells.
Your spell library contained the following spells:

 Spells                   Type           Power      Damage    Failure   Level
 Magic Dart               Conj           0%         1d3       52%         1
 Searing Ray              Conj           0%         2d4       67%         2
 Static Discharge         Conj/Air       0%         2-2/arc   67%         2
 Summon Guardian Golem    Hex/Summ       0%         N/A       88%         3
 Airstrike                Air            0%         2d(0-16)  99%         4
 Cause Fear               Hex            0%         N/A       99%         4
 Fulminant Prism          Conj/Hex       0%         3d5       99%         4
 Summon Lightning Spire   Summ/Air       0%         N/A       99%         4
 Fireball                 Conj/Fire      0%         3d3       100%        5
 Conjure Ball Lightning   Conj/Air       0%         3x3d6     100%        6
 Malign Gateway           Summ/Tloc      0%         N/A       100%        7
 Orb of Destruction       Conj           0%         9d5       100%        7
 Spellforged Servitor     Conj/Summ      0%         N/A       100%        7
 Discord                  Hex            0%         N/A       100%        8
 Disjunction              Tloc           0%         N/A       100%        8
 Summon Horrible Things   Summ           0%         N/A       100%        8
 Dragon's Call            Summ           0%         N/A       100%        9


Dungeon Overview and Level Annotations

Branches:
Dungeon (14/15)            Temple (1/1) D:5            Lair (5/5) D:10
 Shoals (0/4) Lair:2        Snake (0/4) Lair:2        Slime (0/5) Lair:4
    Orc (0/2) D:11         Vaults (0/5) D:14         Bailey (visited)

Altars:
Ashenzari
Cheibriados
Dithmenos
Elyvilon
Fedhas
Gozag
Hepliaklqana
Kikubaaqudgha
Makhleb
Nemelex Xobeh
Okawaru
Qazlal
Ru
Sif Muna
Trog
Uskayaw
Vehumet
Wu Jian
Xom
Yredelemnul
Zin
The Shining One
Jiyva
Lugonu

Shops:
D:6 :*   D:11 [   D:12 *

Portals:
Abyss: Lair:5

Annotations:
D:14 3 runed translucent doors, Emeygaep's ghost, journeyman DjFE; Jorgrun
Lair:2 1 exclusion
Lair:4 2 transporters, Peulonen's ghost, journeyman TeDe
Lair:5 2 transporters, Newt's ghost, journeyman KoHu


Innate Abilities, Weirdness & Mutations

You are a hulking beast.
Your limbs bulge with bestial killing power. (Slay +6)
You are immune to poison.
You are too large for most types of armour.
You have claws for hands.
You are clumsy. (Dex -2)
Your natural rate of healing is unusually fast.
You are covered in fur. (AC +1)
You have tough skin. (AC +1)
Your cowardice makes you less effective in combat with threatening foes.
You cannot train Dodging skill.
You cannot train Armour skill.
You are somewhat inexperienced. (-1 XL)


Message History

Unknown command.
Unknown command.
Okay, then.
Unknown command.
You feel better. Jorgrun hits you with a staff of earth. Jorgrun shatters you!
Jorgrun hits you with a staff of earth!
Jorgrun casts a spell at Jorgrun.
Jorgrun resists with almost no effort.
You have turned to stone.
Jorgrun hits you with a staff of earth. Jorgrun shatters you!!
Jorgrun hits you with a staff of earth! Jorgrun shatters you!
* * * LOW HITPOINT WARNING * * *
You focus your inner power and illuminate Jorgrun in retribution!
Jorgrun hits Jorgrun but does no damage.
Jorgrun shatters Jorgrun!
Jorgrun barely misses Jorgrun.
Jorgrun begins to cast a spell, but is stunned by your conviction!
Jorgrun points at Jorgrun and mumbles some strange words.
Roots burst forth from the earth!
Roots grab Jorgrun.
The grasping roots constrict Jorgrun.
The roots lose their grip on Jorgrun.
Jorgrun shimmers and vanishes!
Jorgrun hits you with a staff of earth!
* * * LOW HITPOINT WARNING * * *
Jorgrun shatters you!
* * * LOW HITPOINT WARNING * * *
Jorgrun completely misses you.
You redirect Jorgrun's attack!
Jorgrun barely misses himself.
Jorgrun hits you with a staff of earth.
* * * LOW HITPOINT WARNING * * *
Jorgrun shatters you!
* * * LOW HITPOINT WARNING * * *
Jorgrun hits you with a staff of earth!
* * * LOW HITPOINT WARNING * * *
Jorgrun shatters you.
* * * LOW HITPOINT WARNING * * *
Jorgrun hits you with a staff of earth. Jorgrun shatters you!
* * * LOW HITPOINT WARNING * * *
Jorgrun hits you but does no damage. Jorgrun shatters you!!
You die...

#......#.....#
+......'.....#
#......#.#...#
########.#...#
#.#...#
#.C...#
#.....#
#.g...#
#.h...#
#...#.#
#<....#
#.....#
#.....#
######.....#
###.......##.#
....####..##.#
.............#


You could see Jorgrun (corona) and a cyclops.

Vanquished Creatures
  Kirke (D:14)
  Snorg (Lair:3)
  3 hydras
  Fannar (D:10)
  Harold (D:11)
  3 two-headed ogres
  A dancing weapon (D:14)
  A jorogumo (shapeshifter) (Lair:5)
  6 death yaks
  A tengu warrior (D:13)
  3 thrashing horrors (Lair:5)
  Sonja (D:12)
  Nergalle (D:10)
  A skeletal warrior (D:13)
  A wizard (D:14)
  A shining eye (shapeshifter) (Lair:5)
  A cyclops (D:11)
  5 ugly things
  Maurice (D:8)
  4 black mambas (Lair:3)
  A smoke demon (Lair:5)
  9 elephants
  4 gargoyles
  7 cane toads
  A torpor snail (Lair:4)
  2 unseen horrors (D:12)
  8 komodo dragons
  2 ancient zymes (Lair:5)
  A troll (D:11)
  A hornet (Lair:2)
  A merfolk (Lair:2)
  Prince Ribbit (D:9)
  18 blink frogs
  4 dream sheep (Lair:4)
  10 slime creatures
  7 spriggans
  2 shadows
  A centaur simulacrum (D:11)
  2 ynoxinuls (Lair:5)
  3 wyverns
  2 wraiths (D:12)
  Eustachio (D:6)
  30 yaks
  A large abomination (Lair:5)
  7 hogs (D:14)
  Grum (D:9)
  7 vampire mosquitoes
  6 basilisks
  A chaos spawn (Lair:5)
  Menkaure (D:5)
  13 small abominations (Lair:5)
  4 acid dragons
  Duvessa (D:6)
  12 water moccasins
  2 sky beasts
  3 ice beasts
  A black bear (D:7)
  2 orc warriors
  7 ogres
  11 wolves
  5 centaurs
  2 kobold brigands
  9 bullfrogs
  2 gnoll sergeants
  Dowan (D:6)
  13 killer bees
  3 electric eels
  2 howler monkeys (D:9)
  3 hounds
  5 jellies
  A gnoll bouda (D:7)
  3 orc priests
  An iguana (D:5)
  4 orc wizards
  21 gnolls
  7 adders
  A shadow imp (D:7)
  3 white imps
  3 worms
  2 dart slugs
  20 orcs
  5 endoplasms
  5 giant cockroaches
  10 goblins
  6 hobgoblins
  14 kobolds
  3 quokkas
  2 ball pythons
  5 bats
  3 frilled lizards (D:1)
  3 rats (D:1)
403 creatures vanquished.

Vanquished Creatures (collateral kills)
  A spriggan (Lair:5)
  A steam dragon (D:6)
2 creatures vanquished.

Vanquished Creatures (others)
  A dancing weapon (D:14)
  A two-headed ogre (D:6)
  A salamander (Lair:2)
  A cane toad (Lair:3)
  A komodo dragon (Lair:4)
  A yak (Lair:5)
  An ogre (Bailey)
  An adder (D:6)
  A butterfly (D:5)
9 creatures vanquished.

Grand Total: 414 creatures vanquished

Notes
Turn   | Place    | Note
-------+----------+-------------------------------------------
     0 | D:1      | ragingrage the Troll Shapeshifter began the quest for the
                  | Orb.
     0 | D:1      | Reached XP level 1. HP: 19/19 MP: 0/0
   251 | D:1      | Reached XP level 2. HP: 27/27 MP: 1/1
   321 | D:1      | Found a faded altar of an unknown god.
   873 | D:2      | Reached skill level 3 in Unarmed Combat
   968 | D:2      | Reached XP level 3. HP: 33/33 MP: 2/2
  1809 | D:3      | Reached XP level 4. HP: 40/41 MP: 3/3
  1981 | D:3      | HP: 2/41 [gnoll/+0 halberd (7)]
  2029 | D:3      | Reached skill level 4 in Unarmed Combat
  2291 | D:3      | Noticed a bullfrog
  2300 | D:3      | Killed a bullfrog
  2301 | D:3      | Reached XP level 5. HP: 27/48 MP: 4/4
  2531 | D:3      | Found a blossoming altar of Fedhas.
  2531 | D:3      | Found an opulent altar of Gozag.
  2540 | D:3      | Found a basalt altar of Yredelemnul.
  2542 | D:3      | Found a hazy altar of Hepliaklqana.
  2547 | D:3      | Found a faded altar of an unknown god.
  2832 | D:4      | Reached skill level 5 in Unarmed Combat
  3464 | D:4      | Found a shimmering blue altar of Sif Muna.
  3565 | D:5      | Entered Level 5 of the Dungeon
  3571 | D:5      | Noticed a centaur
  3580 | D:5      | Killed a centaur
  3581 | D:5      | Reached XP level 6. HP: 55/55 MP: 5/5
  3598 | D:5      | Noticed an ice beast
  3606 | D:5      | Killed an ice beast
  3607 | D:5      | Reached skill level 6 in Unarmed Combat
  3697 | D:5      | Identified the ring "Hoce" {Will+ Str+3}
  3708 | D:5      | Noticed Menkaure
  3723 | D:5      | Killed Menkaure
  3724 | D:5      | Reached XP level 7. HP: 47/62 MP: 6/6
  3885 | D:6      | Noticed Duvessa
  3885 | D:6      | Noticed Dowan
  3895 | D:6      | Killed Duvessa
  3896 | D:6      | Reached skill level 7 in Unarmed Combat
  3896 | D:6      | Reached skill level 5 in Shapeshifting
  3901 | D:6      | Killed Dowan
  4005 | D:6      | Noticed a steam dragon
  4007 | D:6      | Noticed a two-headed ogre
  4027 | D:6      | Killed a steam dragon
  4028 | D:6      | Reached XP level 8. HP: 51/70 MP: 7/7
  4035 | D:6      | Reached skill level 8 in Unarmed Combat
  4056 | D:6      | Noticed Eustachio
  4065 | D:6      | Killed Eustachio
  4130 | D:6      | Found Ekhlu's General Store.
  4140 | D:6      | Bought 2 potions of haste for 280 gold pieces
  4290 | D:6      | Found Naosiuf's Book Emporium.
  4747 | D:5      | Found a white marble altar of Elyvilon.
  4753 | D:5      | Reached skill level 9 in Unarmed Combat
  4932 | D:5      | Found a staircase to the Ecumenical Temple.
  4948 | Temple   | Entered the Ecumenical Temple
  5155 | D:7      | Found a sacrificial altar of Ru.
  5163 | D:7      | Became a worshipper of Ru the Awakened
  5248 | D:7      | Found a flagged portal.
  5258 | Bailey   | Entered a bailey
  5274 | Bailey   | Reached skill level 10 in Unarmed Combat
  5274 | Bailey   | Reached XP level 9. HP: 22/76 MP: 8/8
  5357 | Bailey   | Reached skill level 11 in Unarmed Combat
  5537 | Bailey   | Noticed a two-headed ogre
  5585 | Bailey   | Killed a two-headed ogre
  5586 | Bailey   | Reached skill level 12 in Unarmed Combat
  5586 | Bailey   | Reached XP level 10. HP: 83/94 MP: 9/9
  5785 | D:7      | Reached skill level 5 in Fighting
  6180 | D:8      | Found a viscous altar of Jiyva.
  6200 | D:8      | Gained mutation: You cannot train Dodging skill. [Ru
                  | sacrifice]
  6200 | D:8      | Reached * piety under Ru
  6212 | D:8      | Found a broken altar of Ashenzari.
  6304 | D:8      | Noticed Maurice
  6319 | D:8      | Killed Maurice
  6801 | D:8      | Found a bloodstained altar of Trog.
  6878 | D:8      | Found an ornate altar of the Wu Jian Council.
  6903 | D:8      | Reached skill level 13 in Unarmed Combat
  7091 | D:9      | Noticed a two-headed ogre
  7097 | D:9      | Killed a two-headed ogre
  7237 | D:8      | Reached XP level 11. HP: 61/109 MP: 10/10
  7387 | D:9      | Gained mutation: You cannot train Armour skill. [Ru
                  | sacrifice]
  7387 | D:9      | Reached ** piety under Ru
  7387 | D:9      | Reached *** piety under Ru
  7411 | D:9      | Noticed Prince Ribbit
  7423 | D:9      | Killed Prince Ribbit
  7428 | D:9      | Reached skill level 14 in Unarmed Combat
  7651 | D:9      | Noticed Grum
  7670 | D:9      | Killed Grum
  7721 | D:9      | Identified the +3 war axe "Keyptec" {elec, rF+ rCorr Str+5
                  | Stlth-}
  7932 | D:10     | Entered Level 10 of the Dungeon
  8162 | D:10     | Noticed Fannar
  8186 | D:10     | Killed Fannar
  8290 | D:10     | Identified the +4 hand axe of the Brain {drain, rPois rN+++
                  | Dex-4 Stlth+}
  8300 | D:10     | Found a shimmering altar of Xom.
  8309 | D:10     | Noticed Nergalle
  8315 | D:10     | Killed Nergalle
  8316 | D:10     | Reached skill level 15 in Unarmed Combat
  8495 | D:10     | Noticed a death yak
  8496 | D:10     | Noticed a death yak
  8497 | D:10     | Found a staircase to the Lair.
  8497 | D:10     | Noticed a death yak
  8506 | D:10     | Killed a death yak
  8507 | D:10     | Reached skill level 1 in Throwing
  8523 | D:10     | Killed a death yak
  8533 | D:10     | Killed a death yak
  8842 | Lair:1   | Entered Level 1 of the Lair of Beasts
  8887 | Lair:1   | Gained mutation: You are somewhat inexperienced. (-1 XL)
                  | [Ru sacrifice]
  8887 | Lair:1   | Reached XP level 10. HP: 104/104 MP: 9/9
  8887 | Lair:1   | Reached **** piety under Ru
  8901 | Lair:1   | Found an opulent altar of Gozag.
  9583 | Lair:2   | Reached XP level 11. HP: 96/113 MP: 10/10
  9716 | Lair:2   | Reached skill level 5 in Throwing
  9878 | Lair:2   | Noticed a seven-headed hydra
  9886 | Lair:2   | Killed a seven-headed hydra
  9925 | Lair:2   | Gained mutation: Your cowardice makes you less effective in
                  | combat with threatening foes. [Ru sacrifice]
  9925 | Lair:2   | Reached ***** piety under Ru
 10245 | Lair:2   | Found a staircase to the Snake Pit.
 10530 | Lair:2   | Found a staircase to the Shoals.
 11074 | Lair:3   | Reached skill level 1 in Evocations
 11168 | Lair:3   | Noticed Snorg
 11178 | Lair:3   | Killed Snorg
 11607 | Lair:3   | Reached skill level 10 in Fighting
 11764 | Lair:3   | Identified the +1 halberd of the Fray {freeze, rF+ Str+3
                  | Dex+3 Stlth+}
 12193 | Lair:4   | Found a transporter.
 12193 | Lair:4   | Found a transporter.
 12215 | Lair:4   | Noticed Peulonen's ghost (journeyman TeDe)
 12399 | Lair:4   | Found a staircase to the Slime Pits.
 12399 | Lair:4   | Found a viscous altar of Jiyva.
 12414 | Lair:4   | Reached XP level 12. HP: 93/126 MP: 11/11
 12594 | Lair:4   | Identified the ring of Xyefe {Ice rElec rN+}
 13300 | Lair:4   | Found a bloodstained altar of Trog.
 13364 | Lair:5   | Entered Level 5 of the Lair of Beasts
 13670 | Lair:5   | Gained mutation: You are clumsy. (Dex -2) [Ru sacrifice]
 13670 | Lair:5   | Reached ****** piety under Ru
 13704 | Lair:5   | Identified the ring "Fafuoxt" {Ice rCorr Str+4}
 13917 | Lair:5   | Found a transporter.
 14051 | Lair:5   | Noticed Newt's ghost (journeyman KoHu)
 14069 | Lair:5   | Found a transporter.
 14257 | Lair:5   | Reached skill level 16 in Unarmed Combat
 14696 | Lair:5   | Found a corrupted altar of Lugonu.
 14696 | Lair:5   | Found a one-way gate to the infinite horrors of the Abyss.
 15004 | D:11     | Found Saeshoh's Antique Armour Shop.
 15007 | D:11     | Bought a creamy pearl robe for 176 gold pieces
 15007 | D:11     | Identified the +0 robe of Lucidity {rF- MP+9 Str+3 Int+6}
                  | (You bought it in a shop on level 11 of the Dungeon)
 15247 | D:11     | You fall into a shaft and drop 2 floors!
 15264 | D:13     | Reached XP level 13. HP: 97/139 MP: 7/12
 15721 | D:12     | Found Anixah's General Store.
 15746 | D:12     | Bought a potion of berserk rage for 80 gold pieces
 15946 | D:11     | Noticed Harold
 15951 | D:11     | Killed Harold
 16127 | D:11     | Found a staircase to the Orcish Mines.
 16637 | D:12     | Noticed Sonja
 16641 | D:12     | Killed Sonja
 16855 | D:13     | Found a glowing golden altar of the Shining One.
 17012 | D:14     | Found a runed translucent gate.
 17012 | D:14     | Found a runed translucent gate.
 17012 | D:14     | Found a runed translucent gate.
 17013 | D:14     | Noticed a frost giant
 17014 | D:14     | Noticed Emeygaep's ghost (journeyman DjFE)
 17017 | D:14     | Noticed a tengu reaver
 17050 | D:14     | Noticed Kirke
 17065 | D:14     | Killed Kirke
 17159 | D:14     | Found a gate to the Vaults.
 17247 | D:14     | Noticed Jorgrun
 17262 | D:14     | Slain by Jorgrun

Illustrated notes

Levels and vault maps discovered:
D:1:      dpeg_arrival_snail, layout_basic, shapermc_ecumenical_altar_gd,
          minmay_worlds_worst_comb
D:2:      layout_basic, minmay_misc_feat_cross
D:3:      layout_basic, chequers_temple_overflow_minitemple
D:4:      layout_layer_cave, lemuel_round_altar
D:5:      layout_rooms, nicolae_elyvilon_peaceful_grove, temple_hall,
          uniq_menkaure
D:6:      layout_basic, serial_shops, shop, minmay_shop_grid_forest,
          chequers_serial_rivers_small_3, st_stairs_2, uniq_duvessa,
          uniq_eustachio
D:7:      layout_loops_cross, nicolae_ru_sacrificial_ziggurat, enter_bailey_3
D:8:      layout_basic, old_standard_altar, mainiacjoe_overflow_small_starburst,
          cheibrodos_ashenzari_chains, jiyva_altar_1, uniq_maurice
D:9:      layout_gridville, uniq_grum, uniq_prince_ribbit1
D:10:     layout_basic, mainiacjoe_overflow_24_doors, dpeg_lair_monsters,
          uniq_fannar, uniq_nergalle
D:11:     layout_loops_cross, orc_0_dummy, serial_shops,
          nicolae_shop_tiny_real_fake_doors, kennysheep_pointless_box,
          uniq_harold
D:12:     layout_long_grid, serial_shops, shop, minmay_misc_feat_enclosed,
          uniq_sonja
D:13:     layout_irregular_city, nicolae_tso_swordbearing_angel
D:14:     layout_stronghold, erik_vaults_1, gammafunk_ghost_split,
          hangedman_abyss_or_decor_stabs, uniq_kirke, uniq_jorgrun
Temple:   minmay_freezing_vapour_temple
Lair:1:   layout_regular_city, basic_altar
Lair:2:   layout_long_grid, elwin_shoals_entry_rooms,
          nicolae_snake_entry_warm_welcome
Lair:3:   layout_regular_city, uniq_snorg
Lair:4:   layout_cave_pods, slime_entry_1, gammafunk_ghost_wrathful_warriors,
          lemuel_fruit_tree, serial_bayou_shore_a, lemuel_fruit_fields
Lair:5:   hellmonk_lair_end_abyssal_woods, layout_regular_city,
          gammafunk_ghost_hive, infiniplex_staircase_pool, lemuel_fruit_fields

Skill      XL: |  1  2  3  4  5  6  7  8  9 10 11 12 13 |
---------------+----------------------------------------+-----
Unarmed Combat | 3 4 5 6 7 10 12 13 15 16 | 16.0
Shapeshifting  | 4 5 6 8 9 |  9.7
Fighting       | 4 7 10 11 12 | 12.0
Dodging        | 0 |  0.0
Throwing       | 6 7 |  7.4
Evocations     | 4 |  4.0

Action                     |  1- 3 |  4- 6 |  7- 9 | 10-12 | 13-15 || total
---------------------------+-------+-------+-------+-------+-------++-------
  Melee: Unarmed           |   101 |    80 |   119 |   598 |    90 ||   988
         Punch             |     1 |       |     2 |       |       ||     3
  Throw: Dart              |       |       |     8 |       |       ||     8
         Boomerang         |       |       |     1 |       |       ||     1
 Invoke: Sacrifice Nimblen |       |       |       |     1 |       ||     1
         Sacrifice Experie |       |       |       |     1 |       ||     1
         Apocalypse        |       |       |       |     4 |     1 ||     5
         Sacrifice Courage |       |       |       |     1 |       ||     1
         Sacrifice Durabil |       |       |       |     1 |       ||     1
         Reject Sacrifices |       |       |       |     1 |       ||     1
         Sacrifice Purity  |       |       |       |     1 |       ||     1
Ability: Begin Untransform |       |       |       |     1 |       ||     1
  Evoke: Wand              |       |       |     9 |     5 |     2 ||    16
         Box of beasts     |       |       |       |     1 |       ||     1
         Phantom mirror    |       |       |       |       |     1 ||     1
    Use: Scroll            |       |       |       |     8 |     2 ||    10
         Potion            |       |       |       |     2 |     1 ||     3
   Stab: Distracted        |       |       |       |     3 |       ||     3
         Paralysed         |       |       |       |    12 |       ||    12
         Invisible         |       |       |       |     4 |       ||     4
 Armour: Animal skin       |    39 |    21 |    13 |       |       ||    73
         Acid dragon scale |       |       |     1 |    38 |       ||    39
         Troll leather arm |       |       |       |    71 |    16 ||    87
         Skin              |       |       |       |    32 |       ||    32
  Dodge: Dodged            |    48 |    48 |    65 |   167 |    34 ||   362
   Form: Beast             |       |       |       |     1 |       ||     1

Table legend: (Time is in decaauts)
 A = Elapsed time spent in this place.
 B = Non-inter-level travel time spent in this place.
 C = Inter-level travel time spent in this place.
 D = Time resting spent in this place.
 E = Time spent auto-exploring this place.
 F = Levels seen in this place.
 G = Mean time per level.
                   A        B        C        D        E       F      G
               +--------+--------+--------+--------+--------+-----+--------+
         Total |  17053 |  15713 |   1340 |   1560 |  11092 |  21 |  812.0 |
       Dungeon |  10926 |  10030 |    896 |    707 |   7413 |  14 |  780.4 |
        Temple |     16 |     15 |      1 |      0 |     10 |   1 |   16.0 |
          Lair |   5717 |   5274 |    443 |    785 |   3562 |   5 | 1143.4 |
        Bailey |    393 |    393 |      0 |     68 |    107 |   1 |  393.0 |
               +--------+--------+--------+--------+--------+-----+--------+

Top non-repeatable levels by time:
  Lair:5: 1479 daAuts
  Lair:4: 1250 daAuts
     D:3: 1230 daAuts
  Lair:2: 1220 daAuts
     D:8: 1065 daAuts
  Lair:3: 1043 daAuts
    D:10: 940 daAuts
     D:9: 842 daAuts
     D:1: 807 daAuts
     D:6: 803 daAuts
     D:2: 761 daAuts
     D:4: 753 daAuts
     D:7: 751 daAuts
  Lair:1: 723 daAuts
    D:11: 702 daAuts
